 Dungeon Crawl Stone Soup version 0.29.1-1-gd02db6906a (webtiles) character file.

Game seed: 12195857609304512603

4699 groovy9 the Cleaver (level 10, -7/88 HPs)
             Began as a Minotaur Fighter on Sept 28, 2022.
             Was a Priest of Makhleb.
             Killed by divine providence
             ... invoked by an orc priest
              (10 damage)
             ... on level 8 of the Dungeon.
             The game lasted 00:27:04 (10403 turns).

groovy9 the Cleaver (Minotaur Fighter)             Turns: 10403, Time: 00:27:05

Health: -7/88      AC: 13    Str: 26    XL:     10   Next: 21%
Magic:  16/16      EV:  7    Int:  5    God:    Makhleb [***...]
Gold:   509        SH:  0    Dex:  9    Spells: 9/9 levels left

rFire   . . .      SeeInvis +   u - +2 battleaxe (flame)
rCold   . . .      Faith    .   (shield currently unavailable)
rNeg    . . .      Spirit   .   n - +0 plate armour
rPois   +          Reflect  .   (helmet restricted)
rElec   .          Harm     .   r - +0 cloak
rCorr   .          Rampage  .   (no gloves)
Will    .....                   (no boots)
Stlth   ..........              (no amulet)
HPRegen 0.24/turn               m - ring of poison resistance
MPRegen 0.15/turn               v - ring of see invisible

@: no status effects
A: horns 2, retaliatory headbutt
a: Renounce Religion, Minor Destruction, Lesser Servant of Makhleb


You were on level 8 of the Dungeon.
You worshipped Makhleb.
Makhleb was most pleased with you.
You visited 2 branches of the dungeon, and saw 10 of its levels.

You collected 667 gold pieces.
You spent 158 gold pieces at shops.

Inventory:

Hand Weapons
 a - a +1 war axe
 b - a +3 flail
 u - a +2 battleaxe of flaming (weapon)
 z - a +0 short sword of flaming
Missiles
 x - a throwing net (quivered)
Armour
 c - a +0 buckler
 n - a +0 plate armour (worn)
 r - a +0 cloak (worn)
Jewellery
 l - a ring of resist corrosion
 m - a ring of poison resistance (left hand)
 t - an amulet of faith
 v - a ring of see invisible (right hand)
Wands
 d - a wand of acid (6)
 g - a wand of flame (16)
 y - a wand of paralysis (8)
Scrolls
 k - a scroll of butterflies
 A - 4 scrolls of magic mapping
 B - 2 scrolls of enchant weapon
Potions
 e - a potion of attraction
 i - a potion of berserk rage {unknown}
 j - 8 potions of curing
 p - a potion of flight {unknown}
 q - 2 potions of mutation {unknown}
 s - a potion of degeneration {unknown}
 w - 2 potions of resistance


   Skills:
 - Level 7.9 Fighting
 + Level 11.0 Axes
 - Level 5.5 Armour
 - Level 3.6 Shields
 - Level 10.0 Invocations


You had 9 spell levels left.
You didn't know any spells.
Your spell library contained the following spells:

 Spells                   Type           Power      Damage    Failure   Level
 Foxfire                  Conj/Fire      0%         2x1d4     100%        1
 Slow                     Hex            0%         N/A       100%        1
 Confusing Touch          Hex            0%         N/A       100%        3
 Conjure Flame            Conj/Fire      0%         6-21      100%        3
 Ignite Poison            Fire/Tmut/Pois 0%         N/A       100%        3
 Inner Flame              Hex/Fire       0%         N/A       100%        3
 Mephitic Cloud           Conj/Pois/Air  0%         N/A       100%        3
 Ozocubu's Armour         Ice            0%         N/A       100%        3
 Vampiric Draining        Necr           0%         2d6       100%        3
 Flame Wave               Conj/Fire      0%         2d4       100%        4
 Olgreb's Toxic Radiance  Pois           0%         N/A       100%        4
 Sticky Flame             Conj/Fire      0%         2d3       100%        4
 Freezing Cloud           Conj/Ice/Air   0%         6-21      100%        5
 Ozocubu's Refrigeration  Ice            0%         4d7       100%        7
 Ignition                 Fire           0%         3d3       100%        8


Dungeon Overview and Level Annotations

Branches:
Dungeon (9/15)             Temple (1/1) D:4
   Lair: D:8-11         Orc: D:9-12

Altars:
Ashenzari
Cheibriados
Dithmenos
Elyvilon
Fedhas
Gozag
Hepliaklqana
Kikubaaqudgha
Makhleb
Nemelex Xobeh
Okawaru
Qazlal
Ru
Sif Muna
Trog
Uskayaw
Vehumet
Wu Jian
Xom
Yredelemnul
Zin
The Shining One

Shops:
D:2 *   D:7 *:

Annotations:
D:5 1 runed translucent door, Crazy Yiuf
D:9 2 transporters, JacoesBerries's ghost, novice DEFE


Innate Abilities, Weirdness & Mutations

You have a pair of horns on your head.
You reflexively headbutt those who attack you in melee.


Message History

The centaur closely misses your butterfly.
The centaur completely misses your butterfly.
The orc priest mumbles some strange prayers to Beogh against you.
Pain shoots through your body!
* * * LOW HITPOINT WARNING * * *
The hobgoblin zombie hits you.
* * * LOW HITPOINT WARNING * * *
The orc zombie hits your butterfly.
Your butterfly dies!
Your butterfly disappears in a burst of colours!
The orc priest closely misses you. The orc zombie misses your butterfly.
You slash the hobgoblin zombie! You burn the hobgoblin zombie.
You destroy the hobgoblin zombie!
Makhleb accepts your kill.
You feel better.
You slash the ogre zombie! You burn the ogre zombie.
You destroy the ogre zombie!
Makhleb accepts your kill.
You hit the orc priest but do no damage.
The orc zombie barely misses your butterfly.
The orc priest calls down the wrath of Beogh upon you.
Beogh smites you!
* * * LOW HITPOINT WARNING * * *
The centaur zaps a wand.
You struggle to resist.
The centaur wields a +0 shortbow.
The centaur shoots an arrow.
The arrow hits you but does no damage.
The orc priest hits you with a +0 flail!
* * * LOW HITPOINT WARNING * * *
Items here: ))))) [[[[[.
The orc zombie barely misses your butterfly. x2
There is a stone staircase leading up, spattered with blood here.
The orc priest hits you but does no damage.
The orc zombie hits your butterfly.
Your butterfly dies!
Your butterfly disappears in a burst of colours!
You climb upwards.
There is a stone staircase leading down, spattered with blood here.
You closely miss the orc priest.
The orc priest invokes the aid of Beogh against you.
Beogh smites you!
You die...

# ###.........# ##
#..........####### .#
#...##.......#...# .#
#########..###...........##
.###...##......###...........# ##
##...........................###.
....#......#.....................
...##......#......[).........###.
...........#.#..@..)..........###
.........###...o...........#..#
.#.#.....# ##..#...........#..###
)#####...####..#........#####...#
)#######..#.).........#.#........
....## #.........................
.....###.............###.........
..#..............................
###..#....##......##............#


You could see an orc priest.

Vanquished Creatures
  Pikel (D:6)
  A hornet (D:8)
  A shadow (D:8)
  A wyvern (D:7)
  3 steam dragons
  Menkaure (D:5)
  Edmund (D:6)
  Duvessa (D:6)
  A water moccasin (D:7)
  2 orc warriors
  A sky beast (D:8)
  An ice beast (D:5)
  2 ogres
  A centaur (D:7)
  2 phantoms
  6 bullfrogs
  A necrophage (D:6)
  2 gnoll sergeants (D:8)
  2 scorpions
  6 wights (D:9)
  Dowan (D:6)
  4 killer bees
  2 howler monkeys (D:6)
  2 hounds (D:5)
  4 orc priests
  2 jellies
  7 iguanas
  4 orc wizards
  4 ogre zombies (D:9)
  12 gnolls
  7 adders
  A shadow imp (D:7)
  A white imp (D:6)
  An ufetubus (D:6)
  2 worms
  5 dart slugs
  19 orcs
  4 ball pythons
  4 endoplasms
  A giant cockroach (D:4)
  10 goblins
  7 hobgoblins
  4 quokkas
  7 bats
  4 frilled lizards
  A hobgoblin skeleton (D:9)
  3 hobgoblin zombies (D:9)
  10 kobolds
  5 orc zombies (D:9)
  4 rats
179 creatures vanquished.

Vanquished Creatures (others)
  2 orc zombies (D:9)
  5 fungi (D:5)
  24 plants
31 creatures vanquished.

Grand Total: 210 creatures vanquished

Notes
Turn   | Place    | Note
-------+----------+-------------------------------------------
     0 | D:1      | groovy9 the Minotaur Fighter began the quest for the Orb.
     0 | D:1      | Reached XP level 1. HP: 19/19 MP: 0/0
    52 | D:1      | Reached skill level 3 in Axes
   219 | D:1      | Reached XP level 2. HP: 26/26 MP: 1/1
   464 | D:1      | Reached skill level 4 in Axes
   948 | D:2      | Reached XP level 3. HP: 31/31 MP: 2/2
  1194 | D:2      | Found Cygot's Assorted Antiques.
  1203 | D:2      | Bought a scroll labelled HIEDUESELU for 21 gold pieces
  1203 | D:2      | Bought a scroll labelled DAQIME ASOHIFEM for 21 gold pieces
  1203 | D:2      | Bought a glowing black potion for 18 gold pieces
  1203 | D:2      | Bought a scroll labelled JIPRIEFEYG for 21 gold pieces
  1203 | D:2      | Bought a scroll labelled FOUGID CUITTICH for 21 gold pieces
  1254 | D:2      | Reached skill level 5 in Axes
  1271 | D:2      | Found a faded altar of an unknown god.
  1309 | D:2      | Reached XP level 4. HP: 34/39 MP: 3/3
  1910 | D:3      | Reached skill level 6 in Axes
  2195 | D:3      | Found a bloodstained altar of Trog.
  2635 | D:4      | Found a staircase to the Ecumenical Temple.
  2674 | Temple   | Entered the Ecumenical Temple
  2680 | Temple   | Became a worshipper of Makhleb the Destroyer
  2731 | D:4      | Noticed a scorpion
  2738 | D:4      | Killed a scorpion
  2739 | D:4      | Reached XP level 5. HP: 44/45 MP: 4/4
  2801 | D:4      | Reached skill level 7 in Axes
  3325 | D:4      | Reached XP level 6. HP: 51/51 MP: 5/5
  3445 | D:4      | Reached skill level 8 in Axes
  3890 | D:5      | Entered Level 5 of the Dungeon
  4183 | D:5      | Noticed Menkaure
  4194 | D:5      | Killed Menkaure
  4195 | D:5      | Reached XP level 7. HP: 50/59 MP: 6/8
  4432 | D:5      | Reached * piety under Makhleb
  4869 | D:5      | Found a runed translucent door.
  4870 | D:5      | Noticed Crazy Yiuf
  4900 | D:6      | Reached skill level 5 in Invocations
  5174 | D:6      | Reached XP level 8. HP: 66/66 MP: 11/11
  5214 | D:6      | Noticed Duvessa
  5294 | D:6      | Noticed Edmund
  5317 | D:6      | Killed Edmund
  5748 | D:6      | Noticed Pikel
  5942 | D:6      | Killed Duvessa
  5946 | D:6      | Noticed Dowan
  6012 | D:6      | Killed Dowan
  6164 | D:6      | Killed Pikel
  6165 | D:6      | Reached XP level 9. HP: 63/71 MP: 13/15
  6359 | D:7      | HP: 1/71 [steam dragon/ball of steam (19)]
  6558 | D:7      | Found a shimmering altar of Xom.
  6576 | D:7      | Found Liwkygime's General Store.
  6582 | D:7      | Bought a scroll of identify for 28 gold pieces
  6582 | D:7      | Bought a scroll of identify for 28 gold pieces
  6612 | D:7      | Reached skill level 10 in Invocations
  6650 | D:7      | Reached skill level 5 in Fighting
  7014 | D:7      | Found a glowing golden altar of the Shining One.
  7068 | D:7      | Found Kujog's Vocational Training.
  7444 | D:8      | Reached ** piety under Makhleb
  7819 | D:7      | Reached skill level 5 in Armour
  8318 | D:8      | Found a shadowy altar of Dithmenos.
  8897 | D:8      | Reached skill level 9 in Axes
  9761 | D:8      | Reached XP level 10. HP: 81/88 MP: 16/16
  9901 | D:9      | Found a transporter.
  9911 | D:9      | Reached skill level 10 in Axes
  9918 | D:9      | Found a transporter.
  9918 | D:9      | Identified the +9 great mace of the Grave {protect, rPois
                  | rN+ Str-3 Dex+3}
  9918 | D:9      | Noticed a two-headed ogre
  9918 | D:9      | Noticed JacoesBerries's ghost (novice DEFE)
  9918 | D:9      | Noticed a two-headed ogre
  9918 | D:9      | Noticed a two-headed ogre
  9922 | D:9      | Reached *** piety under Makhleb
  9926 | D:9      | Noticed a two-headed ogre
 10338 | D:9      | Noticed a two-headed ogre
 10395 | D:9      | Reached skill level 11 in Axes
 10399 | D:9      | HP: 2/88 [orc priest/+0 flail (7)]
 10403 | D:8      | Killed from afar by an orc priest

Illustrated notes

Levels and vault maps discovered:
D:1:      giann_forest_graveyard, layout_loops_ring
D:2:      cheibrodos_old_hovel, layout_basic,
          ebering_ecumenical_altar_abandoned, serial_shops,
          nicolae_shop_waterfront
D:3:      layout_loops_ring, lemuel_tele_altar, serial_glass, glass_columns_b,
          glass_columns_a
D:4:      layout_cave_pods, temple_doors_cd
D:5:      layout_loops_cross, abandoned_shop, uniq_menkaure,
          uniq_crazy_yiuf_cottage
D:6:      layout_rooms, nicolae_sextant, uniq_pikel, uniq_duvessa, uniq_edmund
D:7:      layout_loops_ring, mainiacjoe_overflow_paths, kennysheep_mini,
          serial_shops, nicolae_diamond_shop, nicolae_shop_vocational
D:8:      layout_cave_pools, nicolae_dithmenos_shadow_blocks,
          nicolae_grassy_gnolls
D:9:      layout_rooms, zombieorc2_lemuel, serial_shops, nicolae_diamond_shop,
          gammafunk_ghost_smash, minmay_hollow_rounded_squares
Temple:   nicolae_temple_no_exploring_needed

Skill      XL: |  1  2  3  4  5  6  7  8  9 10 |
---------------+-------------------------------+-----
Axes           | 3 4 5 6 7 8 9 11 | 11.0
Armour         | 4 5 |  5.5
Fighting       | 4 7 |  7.9
Invocations    | 3 6 9 10 | 10.0
Shields        | |  3.6

Action                   |  1- 3 |  4- 6 |  7- 9 | 10-12 || total
-------------------------+-------+-------+-------+-------++-------
Melee: War axe           |    80 |   109 |   107 |       ||   296
       Headbutt          |    11 |    12 |    39 |     9 ||    71
       Battleaxe         |       |       |   138 |    76 ||   214
Invok: Minor Destruction |       |       |     1 |       ||     1
  Use: Scroll            |       |     9 |     6 |     3 ||    18
       Potion            |       |     1 |     9 |     2 ||    12
Armor: Scale mail        |    38 |    23 |       |       ||    61
       Plate armour      |       |     8 |   152 |    66 ||   226
Dodge: Dodged            |    27 |    37 |    83 |    40 ||   187
Block: Buckler           |    15 |    17 |    19 |       ||    51
